 Dungeon Crawl Stone Soup version 0.27.0-1-g7a089689b8 (webtiles) character file.

Game seed: 10917743832584009601

47 Smaepdii the Skirmisher (level 3, -5/30 (31) HPs)
             Began as a Palentonga Fighter on Aug 14, 2021.
             Slain by Crazy Yiuf (16 damage)
             ... on level 2 of the Dungeon.
             The game lasted 00:04:55 (1628 turns).

Smaepdii the Skirmisher (Palentonga Fighter)        Turns: 1628, Time: 00:04:56

HP:   -5/30 (31)    AC:  6    Str: 19    XL:     3   Next: 48%
MP:   3/3           EV:  5    Int:  8    God:
Gold: 83            SH:  8    Dex: 10    Spells: 2/2 levels left

rFire    . . .     SeeInvis +   a - +0 war axe
rCold    . . .     Faith    .   c - +0 kite shield
rNeg     . . .     Spirit   .   b - +0 scale mail
rPois    .         Reflect  .   (no helmet)
rElec    .         Harm     .   (no cloak)
rCorr    .         Rampage  .   (no gloves)
Will     .....                  (no barding)
Stlth    ..........             (no amulet)
HPRegen  0.10/turn              (no ring)
MPRegen  0.08/turn              (no ring)

@: hasted, lightly drained, very quick
A: large, rugged brown scales 3, see invisible, deformed body, roll 1, armoured
tail
a: Rolling Charge


You were on level 2 of the Dungeon.
You visited 1 branch of the dungeon, and saw 2 of its levels.

You collected 83 gold pieces.

Inventory:

Hand Weapons
 a - a +0 war axe (weapon)
Missiles
 l - 4 atropa-tipped darts
 q - 21 poisoned darts
Armour
 b - a +0 scale mail (worn)
 c - a +0 kite shield (worn)
Magical Staves
 p - a staff of death
Jewellery
 r - a +4 ring of protection
Scrolls
 g - 2 scrolls of identify {unknown}
 i - a scroll of fog {unknown}
 j - a scroll of enchant weapon {unknown}
 k - a scroll of vulnerability {unknown}
 o - a scroll of noise {unknown}
Potions
 d - a potion of might
 e - a potion of flight {unknown}
 f - a potion of attraction {unknown}
 h - a potion of invisibility {unknown}
 m - 2 potions of lignification {unknown}
 n - a potion of mutation {unknown}


   Skills:
 + Level 3.3 Fighting
 * Level 2.8 Axes
 + Level 2.6 Armour
 * Level 2.9 Shields


You had 2 spell levels left.
You didn't know any spells.
Your spell library contained the following spells:

 Spells                   Type           Power      Damage    Failure   Level
 Tukima's Dance           Hex            0%         N/A       100%        3
 Animate Dead             Necr           0%         N/A       100%        4
 Passage of Golubria      Tloc           N/A        N/A       100%        4
 Borgnjor's Vile Clutch   Necr/Erth      0%         N/A       100%        5
 Yara's Violent Unravell  Hex/Tmut       0%         3d3       100%        5
 Death Channel            Necr           0%         N/A       100%        6


Dungeon Overview and Level Annotations

Branches:
Dungeon (2/15)

Altars:
Cheibriados

Shops:
D:2 (

Annotations:
D:2 Crazy Yiuf


Innate Abilities, Weirdness & Mutations

You are completely covered in rugged brown scales. (AC +3, +7% HP)
You have supernaturally acute eyesight. (SInv)
Armour fits poorly on your strangely shaped body.
You can roll at nearby foes to attack.
You have a long armoured tail.


Message History

Aim: a hobgoblin You roll forward with a clatter of scales!
You closely miss the hobgoblin. The hobgoblin hits you. x2
You hit the hobgoblin.
The hobgoblin is almost dead.
The hobgoblin hits you but does no damage.
You hit the hobgoblin.
You kill the hobgoblin!
A goblin comes into view. It is wielding a +0 club.
The goblin shouts!
Roll where?
Press: ? - help, Q - select action, (/) - cycle Dir - move target, f - goblin
Aim: a goblin, wielding a +0 club You roll forward with a clatter of scales!
You hit the goblin.
The goblin is severely wounded.
You block the goblin's attack.
You slash the goblin!
You kill the goblin!
Things that are here:
a +0 club; a goblin corpse
Found a glowing mace.
Found a runed translucent door.
Crazy Yiuf shouts!
You open the door.
Crazy Yiuf cries, "You leg down broken song, no?"
There's nothing you can charge at! There's nothing you can charge at!
You hit Crazy Yiuf.
Crazy Yiuf is moderately wounded.
Crazy Yiuf says, "Proton!
Cake alas bush."
Crazy Yiuf hits you with a +4 quarterstaff of chaos!
You feel yourself speed up.
Crazy Yiuf hits you with a +4 quarterstaff of chaos!
You feel drained.
You barely miss Crazy Yiuf. You tail-slap Crazy Yiuf.
Crazy Yiuf is moderately wounded.
Crazy Yiuf hits you with a +4 quarterstaff of chaos!
Ouch! That really hurt!
You die...

#.# #.# #.# #.#
#.# #.# #.###♣♣
### #..#..♣
♣♣#..)#
#.....♣♣♣♣♣@g...#
##......♣..♣#...#
###...♣.♣♣♣ ###
##♣♣♣♣♣


You could see Crazy Yiuf.

Vanquished Creatures
  An adder (D:2)
  A dart slug (D:2)
  2 ball pythons (D:1)
  2 bats (D:1)
  5 endoplasms
  3 giant cockroaches
  3 goblins
  3 hobgoblins (D:2)
  2 jackals (D:2)
  3 quokkas
  2 kobolds (D:1)
  3 rats
30 creatures vanquished.

Notes
Turn   | Place    | Note
-------+----------+-------------------------------------------
     0 | D:1      | Smaepdii the Palentonga Fighter began the quest for the
                  | Orb.
     0 | D:1      | Reached XP level 1. HP: 19/19 MP: 1/1
   229 | D:1      | Reached XP level 2. HP: 25/25 MP: 2/2
   967 | D:2      | Found Howuoz's Antique Weapon Boutique.
  1108 | D:2      | Reached XP level 3. HP: 21/31 MP: 3/3
  1524 | D:2      | Found a snail-covered altar of Cheibriados.
  1622 | D:2      | Found a runed translucent door.
  1623 | D:2      | Noticed Crazy Yiuf
  1628 | D:2      | Slain by Crazy Yiuf

Illustrated notes

Levels and vault maps discovered:
D:1:      minmay_arrival_split_and_join, layout_basic, amcnicky_mini_pool_small
D:2:      layout_basic, serial_shops, nicolae_square_shop, basic_altar,
          kennysheep_generic_room_16, uniq_crazy_yiuf_cottage

Action                   || total
-------------------------++-------
Melee: War axe           ||    98
       Tailslap          ||     9
 Abil: Rolling Charge    ||    11
Armor: Scale mail        ||    45
Dodge: Dodged            ||    26
Block: Kite shield       ||    54
